 Dungeon Crawl Stone Soup version 0.23.2-1-ga50397a (webtiles) character file.

Game seed: 5497835865302783073

4 thriggle the Caller (level 1, -2/15 HPs)
             Began as a Hill Orc Wanderer on Apr 18, 2019.
             Slain by a kobold
             ... wielding a +0 short sword
              (7 damage)
             ... on level 1 of the Dungeon.
             The game lasted 00:03:11 (195 turns).

thriggle the Caller (Hill Orc Wanderer)              Turns: 195, Time: 00:03:11

Health: -2/15      AC:  3    Str: 12    XL:     1   Next: 70%
Magic:  0/2        EV: 11    Int: 13    God:
Gold:   13         SH:  0    Dex: 11    Spells: 0/2 levels left

rFire    . . .     SeeInvis .   a - +0 club
rCold    . . .     Gourm    .   (no shield)
rNeg     . . .     Faith    .   d - +0 robe
rPois    .         Spirit   .   e - +0 helmet
rElec    .         Reflect  .   (no cloak)
rCorr    .         Harm     .   (no gloves)
MR       .....                  (no boots)
Stlth    +.........             (no amulet)
HPRegen  0.05/turn              (no ring)
MPRegen  0.08/turn              (no ring)

@: no status effects
A: no striking features
a: no special abilities


You were on level 1 of the Dungeon.
You were not hungry.

You visited 1 branch of the dungeon, and saw 1 of its levels.

You collected 13 gold pieces.

Inventory:

Hand Weapons
 a - a +0 club (weapon)
Armour
 d - a +0 robe (worn)
 e - a +0 helmet (worn)
Scrolls
 c - a scroll of identify {unknown}
Potions
 g - a potion of invisibility {unknown}
Comestibles
 b - 3 chunks of flesh
 f - 2 rations


   Skills:
 + Level 0.5 Fighting
   Level 2.1 Shields
 + Level 1.1 Spellcasting
 + Level 3.0 Summonings
 + Level 2.3 Fire Magic
   Level 2.0 Earth Magic


You couldn't memorise any spells.
You knew the following spells:

 Your Spells              Type           Power        Failure   Level  Hunger
a - Summon Small Mammal   Summ           #...         8%          1    ##.....
b - Flame Tongue          Conj/Fire      #....        17%         1    ##.....

Your spell library contained the following spells:

 Spells                   Type           Power        Failure   Level  Hunger
 Call Imp                 Summ           #.......     12%         2    ###....
 Call Canine Familiar     Summ           #.......     24%         3    ####...
 Freeze                   Ice            #...         28%         1    ##.....
 Summon Guardian Golem    Hex/Summ       #.......     41%         3    ####...
 Inner Flame              Hex/Fire       #.......     45%         3    ####...
 Ozocubu's Armour         Chrm/Ice       #.......     63%         3    ####...
 Summon Ice Beast         Ice/Summ       #.......     83%         4    #####..
 Summon Lightning Spire   Summ/Air       #.......     83%         4    #####..


Dungeon Overview and Level Annotations

Branches:
Dungeon (1/15)

Altars:


Message History

Casting: Summon Small Mammal (safe; 8% risk of failure)
Confirm with . or Enter, or press ? or * to list all spells.
You can't see any susceptible monsters within range! (Use Z to cast anyway.)
Casting: Summon Small Mammal (safe; 8% risk of failure)
Confirm with . or Enter, or press ? or * to list all spells.
Aiming: Flame Tongue (safe; 17% risk of failure)
Press: ? - help, Shift-Dir - straight line, f - kobold
Aim: a kobold, wielding a +0 short sword (moderately wounded)
The flame tongue hits the kobold.
The kobold is severely wounded.
A jackal comes into view.
The jackal barks!
Casting: Flame Tongue (safe; 17% risk of failure)
Confirm with . or Enter, or press ? or * to list all spells.
The kobold hits you with a +0 short sword.
You hit the kobold but do no damage.
The kobold is severely wounded.
The jackal barely misses your rat.
The kobold hits you with a +0 short sword!
You die...

#K# ..#. #.###
..##
#.#.######### ..
#...........##.#
#.#K####.>....#
#.#># #h##.#...#
#.#.# #K# .. ..
#.#h# #.# ...
#.#@####K# .##
#.#K#....# #
#.rh#h####
###h#h#
#.#.#####..
#.#K.......
#######.#..#####.
#..........#
#.#####รท#.##


You could see 3 jackals, 2 kobolds and a friendly rat.

Vanquished Creatures
  A leopard gecko (D:1)
  A goblin (D:1)
  A bat (D:1)
  A rat (D:1)
4 creatures vanquished.

Notes
Turn   | Place    | Note
-------+----------+-------------------------------------------
     0 | D:1      | thriggle the Hill Orc Wanderer began the quest for the Orb.
     0 | D:1      | thriggle set off with the following items: a +0 club, a +0
                  | robe, a ration; and the following spells available to
                  | memorise: Summon Small Mammal, Call Imp, Flame Tongue,
                  | Freeze, Call Canine Familiar, Summon Guardian Golem, Inner
                  | Flame, Ozocubu's Armour, Summon Ice Beast, Summon Lightning
                  | Spire
     0 | D:1      | Reached XP level 1. HP: 14/14 MP: 2/2
     2 | D:1      | Learned a level 1 spell: Summon Small Mammal
     4 | D:1      | Learned a level 1 spell: Flame Tongue
   195 | D:1      | Slain by a kobold

Action                   || total
-------------------------++-------
Melee: Club              ||     8
 Cast: Summon Small Mamm ||     8
       Flame Tongue      ||     4
Armor: Robe              ||     1
Dodge: Dodged            ||     4
